 Dungeon Crawl Stone Soup version 0.20.1-1-g8b1a95d (console) character file.

457 hilaritas the Slasher (level 7, -1/79 HPs)
             Began as a Human Fighter on Mar 3, 2018.
             Slain by a two-headed ogre
             ... wielding a cursed +0 giant club
              (20 damage)
             ... on level 4 of the Dungeon.
             The game lasted 00:07:53 (3506 turns).

hilaritas the Slasher (Human Fighter)               Turns: 3506, Time: 00:07:54

Health: -1/79      AC:  9    Str: 24    XL:     7   Next: 27%
Magic:  7/7        EV:  7    Int:  8    God:
Gold:   83         SH: 10    Dex: 12    Spells: 2/6 levels left

rFire    . . .     SeeInvis .   a - +0 long sword
rCold    . . .     Gourm    .   c - +0 shield
rNeg     . . .     Faith    .   b - +0 scale mail
rPois    .         Spirit   .   (no helmet)
rElec    .         Reflect  .   (no cloak)
rCorr    .         Harm     .   (no gloves)
MR       .....                  (no boots)
Stlth    ..........             (no amulet)
Regen    0.3/turn               d - +3 ring of protection
MPRegen  0.1/turn               (no ring)

@: berserking (expiring), very quick
A: no striking features
a: no special abilities


You were on level 4 of the Dungeon.
You were not hungry.

You visited 1 branch of the dungeon, and saw 4 of its levels.

You collected 83 gold pieces.

Inventory:

Hand Weapons
 a - a +0 long sword (weapon)
 h - a +0 falchion
 p - a +1 dagger of venom
Armour
 b - a +0 scale mail (worn)
 c - a +0 shield (worn)
Jewellery
 d - a +3 ring of protection (left hand)
Scrolls
 e - a scroll of teleportation
Potions
 m - a potion of cancellation {unknown}
 o - a potion of mutation {unknown}
Books
 n - a book of Callings

   Spells                             Type                      Level
   a - Summon Small Mammal            Summoning                    1
   b - Call Imp                       Summoning                    2
   c - Call Canine Familiar           Summoning                    3
   d - Summon Guardian Golem          Hexes/Summoning              3
   e - Summon Lightning Spire         Summoning/Air                4
   f - Summon Ice Beast               Ice/Summoning                4
Comestibles
 f - a bread ration
 g - 3 meat rations
 i - 2 royal jellies


   Skills:
 + Level 3.7 Fighting
 * Level 6.1 Long Blades
 - Level 3.0 Armour
 + Level 4.4 Shields


You had 2 spell levels left.
You knew the following spells:

 Your Spells              Type           Power        Failure   Level  Hunger
a - Summon Small Mammal   Summ           #...         99%         1    ##.....
b - Call Canine Familiar  Summ           #.......     100%        3    ####...


Dungeon Overview and Level Annotations

Branches:
Dungeon (4/15)
 Temple: D:4-7

Altars:
Yredelemnul


Message History

You block the two-headed ogre's attack.
The two-headed ogre hits you but does no damage.
You hit the two-headed ogre.
The two-headed ogre is lightly wounded.
You feel sick.
You are no longer poisoned.
You hit the two-headed ogre.
The two-headed ogre is lightly wounded.
You block the two-headed ogre's attack.
The two-headed ogre hits you with a giant spiked club!
Your shield prevents you from hitting the two-headed ogre.
The two-headed ogre is lightly wounded.
You block the two-headed ogre's attack.
The two-headed ogre hits you with a giant spiked club!
You slash the two-headed ogre!
The two-headed ogre is moderately wounded.
You slash the two-headed ogre!
The two-headed ogre is heavily wounded.
The two-headed ogre hits you with a giant club!!
You die...

8... ##8# #### ..#
..# # ###.##.#
#....$.# #@# #
#O#### #..#w...####
#........<.#
.............# ###
#..#<.?......## ...#
#.
#..........####....#
#
#...........%......#
#..........####....#
#............ ....
##########...# ###


You could see a two-headed ogre and a worm.

Vanquished Creatures
  The ghost of hilaritas the Slinger, an amateur HaHu (D:3)
  A howler monkey (D:4)
  An orc priest (D:3)
  Jessica (D:3)
  2 orc wizards (D:3)
  2 worker ants
  3 adders
  An ooze (D:3)
  3 worms (D:2)
  4 dart slugs
  3 leopard geckos
  10 orcs (D:3)
  2 giant cockroaches
  6 goblins
  5 hobgoblins
  13 jackals
  2 ball pythons
  8 bats
  10 frilled lizards
  7 kobolds
  8 rats
93 creatures vanquished.

Vanquished Creatures (others)
  2 plants (D:3)
2 creatures vanquished.

Grand Total: 95 creatures vanquished

Notes
Turn   | Place    | Note
-------+----------+-------------------------------------------
     0 | D:1      | hilaritas the Human Fighter began the quest for the Orb.
     0 | D:1      | Reached XP level 1. HP: 18/18 MP: 1/1
   393 | D:1      | Reached XP level 2. HP: 24/24 MP: 2/2
   955 | D:1      | Reached XP level 3. HP: 28/29 MP: 3/3
  1183 | D:2      | Reached skill level 3 in Long Blades
  1818 | D:2      | Reached XP level 4. HP: 35/35 MP: 4/4
  2430 | D:3      | Reached skill level 4 in Long Blades
  2430 | D:3      | Reached XP level 5. HP: 35/41 MP: 5/5
  2434 | D:3      | Noticed hilaritas's ghost (amateur HaHu)
  2483 | D:3      | Killed hilaritas's ghost
  2483 | D:3      | Reached skill level 5 in Long Blades
  2483 | D:3      | Reached XP level 6. HP: 16/47 MP: 6/6
  2813 | D:3      | Learned a level 1 spell: Summon Small Mammal
  2817 | D:3      | Learned a level 3 spell: Call Canine Familiar
  2821 | D:3      | Noticed Jessica
  2827 | D:3      | Killed Jessica
  2971 | D:3      | Found a basalt altar of Yredelemnul.
  3110 | D:3      | Reached XP level 7. HP: 39/52 MP: 7/7
  3480 | D:4      | Reached skill level 6 in Long Blades
  3487 | D:4      | Noticed a two-headed ogre
  3506 | D:4      | Slain by a two-headed ogre

Skill      XL: |  1  2  3  4  5  6  7 |
---------------+----------------------+-----
Long Blades    | 3 4 5 6 |  6.1
Shields        | 4 |  4.4
Fighting       | |  3.7
Armour         | |  3.0

Action                   |  1- 3 |  4- 6 |  7- 9 || total
-------------------------+-------+-------+-------++-------
Melee: Long sword        |   113 |   146 |    70 ||   329
  Use: Scroll            |     5 |     2 |       ||     7
       Potion            |       |     2 |     1 ||     3
  Eat: Chunk             |     3 |     4 |     2 ||     9
Armor: Scale mail        |    42 |    61 |    30 ||   133
Dodge: Dodged            |    28 |    42 |    16 ||    86
Block: Shield            |    53 |    71 |    41 ||   165
       Rpst.: Long sword |     7 |    11 |     3 ||    21
